 Dungeon Crawl Stone Soup version 0.18-a0-902-g8738618 (webtiles) character file.

7 Jmtri7 the Charlatan (level 2, -7/21 HPs)
             Began as a Formicid Artificer on Dec 24, 2015.
             Mangled by a gnoll
             ... wielding a +0 spear
              (8 damage)
             ... on level 6 of the Dungeon.
             The game lasted 00:01:59 (248 turns).

Jmtri7 the Charlatan (Formicid Artificer)            Turns: 248, Time: 00:01:59

Health: -7/21      AC:  5    Str: 15    XL:     2   Next: 5%
Magic:  4/4        EV:  6    Int: 11    God:
Gold:   31         SH:  0    Dex: 11    Spells: 0 memorised, 1 level left

rFire  . . .     SeeInvis +     a - +0 short sword
rCold  . . .     Gourm    .     h - +0 ring mail
rNeg   . . .     Faith    .     (no shield)
rPois  .         Spirit   .     (helmet unavailable)
rElec  .         Dismiss  .     (no cloak)
rCorr  .         Reflect  .     (no gloves)
SustAt .         Harm     .     (no boots)
MR     .....                    (no amulet)
Stlth  +.........               (no ring)
                                (no ring)

@: not resistant to hostile enchantments, very unstealthy
A: permanent stasis, dig shafts and tunnels, four strong arms, antennae 3
a: Dig, Shaft Self


You were on level 6 of the Dungeon.
You were not hungry.

You visited 1 branch of the dungeon, and saw 6 of its levels.

You collected 31 gold pieces.

Inventory:

Hand Weapons
 a - a +0 short sword (weapon)
Armour
 h - a +0 ring mail (worn)
Wands
 c - a wand of flame (15/48)
 d - a wand of enslavement (13/24)
 e - a wand of random effects (15/48)
Scrolls
 g - a scroll of recharging {unknown}
Comestibles
 f - a bread ration


   Skills:
 + Level 1.1 Fighting
 - Level 1.0 Short Blades
 * Level 0.7 Armour
 - Level 1.7 Dodging
 - Level 1.2 Stealth
 + Level 3.7 Evocations


You had one spell level left.
You didn't know any spells.

Dungeon Overview and Level Annotations

Branches:
Dungeon (7/15)
 Temple: D:4-7

Altars:

Shops:
D:6 ?


Innate Abilities, Weirdness & Mutations

You are under a permanent stasis effect.
You can dig through walls and to a lower floor.
Your four strong arms can wield two-handed weapons with a shield.
You have a pair of large antennae on your head (SInv).


Message History

Your giant frog hits the gnoll!
The gnoll dies!
You have reached level 2!
The gnoll hits you but does no damage.
Your giant frog hits the gnoll!
The gnoll hits your giant frog with a flail!
Your giant frog misses the gnoll.
Your giant frog hits the gnoll.
The gnoll hits your giant frog with a flail!
Your giant frog dies!
The gnoll looks more experienced.
The gnoll hits you with a spear.
You closely miss the gnoll.
The gnoll is severely wounded.
The gnoll closely misses you.
You barely miss the gnoll.
The gnoll is severely wounded.
There is a stone staircase leading down here.
The gnoll sergeant hits you with a flail.
* * * LOW HITPOINT WARNING * * *
The gnoll hits you from afar with a spear!
You die...

.# ###.### #.
$....... ..
#.....# #. #.....#
#.#####.....#
..###...........#
................#
#
.......@gg....∩.#
..
#####.#.........#
.# #.
#>........#.#
#....###.......##
...#####........#
.....<......#.##.#
..#.....#.†......#
#. .###.#.###...##
#...# .#....


You could see a gnoll sergeant and a gnoll.

Vanquished Creatures (collateral kills)
  A gnoll (D:6)
1 creature vanquished.

Vanquished Creatures (others)
  A giant frog (D:6)
1 creature vanquished.

Grand Total: 2 creatures vanquished

Notes
Turn   | Place    | Note
--------------------------------------------------------------
     0 | D:1      | Jmtri7 the Formicid Artificer began the quest for the Orb.
     0 | D:1      | Reached XP level 1. HP: 15/15 MP: 3/3
     3 | D:1      | You fall through a shaft!
     6 | D:2      | You fall through a shaft!
     9 | D:3      | You fall through a shaft!
    12 | D:4      | You fall through a shaft for 3 floors!
   219 | D:6      | Found Vouseam's Magic Scroll Shop.
   221 | D:6      | Noticed a giant frog
   238 | D:6      | Reached XP level 2. HP: 11/21 MP: 4/4
   248 | D:6      | HP: 1/21 [gnoll sergeant/flail (6)]
   248 | D:6      | Mangled by a gnoll

Vault maps used:
D:1:      ncdulo_smallfort, minmay_misc_feat_iff
D:2:      ecumenical_altar_2, uniq_natasha
D:3:      tgw_trog, kennysheep_generic_room_9, uniq_grinder
D:4:      overflow_temple_1_default, first_bread
D:6:      lemuel_coloured_pillars_altar, overflow_temple_1_default,
          grunt_qazlal_clouds, minmay_temple_entry_fiery, serial_shops, shop

Action                   || total
-------------------------++-------
Melee: Short sword       ||     3
 Abil: Shaft Self        ||     4
Evoke: Wand              ||     2
